 Dungeon Crawl Stone Soup version 0.29.0-15-g675c0067aa (webtiles) character file.

Game seed: 347237479980653948

5410 Flure the Slicer (level 10, -3/60 HPs)
             Began as a Kobold Brigand on Sept 11, 2022.
             Was a Believer of Dithmenos.
             Succumbed to an orc warrior's poison
             ... on level 9 of the Dungeon.
             The game lasted 00:16:00 (10067 turns).

Flure the Slicer (Kobold Brigand)                  Turns: 10067, Time: 00:16:01

Health: -3/60      AC:  6    Str:  9    XL:     10   Next: 99%
Magic:  10/10      EV: 22    Int: 12    God:    Dithmenos [**....]
Gold:   359        SH:  0    Dex: 21    Spells: 9/9 levels left

rFire   + . .      SeeInvis .   w - +3 short sword (elec)
rCold   . . .      Faith    .   (no shield)
rNeg    . . .      Spirit   .   u - +1 robe of the Heavens {+Inv rElec rF+ Will+}
rPois   .          Reflect  .   (no helmet)
rElec   +          Harm     .   o - +1 cloak
rCorr   .          Rampage  .   y - +0 pair of gloves
Will    +....                   (no boots)
Stlth   ++++++++..              (no amulet)
HPRegen 0.20/turn               (no ring)
MPRegen 0.12/turn               (no ring)

@: lethally poisoned (-3 -> -23), wreathed by umbra
A: small, no large weapons, nightstalker 3
a: Renounce Religion, Evoke Invisibility, Shadow Step


You were on level 9 of the Dungeon.
You worshipped Dithmenos.
Dithmenos was pleased with you.
You visited 3 branches of the dungeon, and saw 11 of its levels.
You also visited: Sewer.

You collected 594 gold pieces.
You spent 235 gold pieces at shops.

Inventory:

Hand Weapons
 p - a +2 dagger of venom
 w - a +3 short sword of electrocution (weapon)
 O - a +4 dagger of speed
Missiles
 a - 14 boomerangs
 d - 11 poisoned darts (quivered)
 e - 3 curare-tipped darts
 n - 66 stones
Armour
 c - a +2 ring mail of fire resistance
 o - a +1 cloak (worn)
 u - the +1 robe of the Heavens (worn) {+Inv rElec rF+ Will+}
   (You found it on level 2 of the Dungeon)

   rF:        It protects you from fire.
   rElec:     It insulates you from electricity.
   +Inv:      It lets you turn invisible.
   Will:      It increases your willpower.
 y - a +0 pair of gloves (worn)
 J - an orb of light
 L - a +0 buckler
Magical Staves
 M - a staff of conjuration
Jewellery
 v - a ring of fire
 A - a ring of positive energy
 D - a +4 ring of evasion
 G - a +4 ring of protection
 I - a ring of positive energy
 K - a ring of fire
Wands
 F - a wand of flame (6)
 H - a wand of roots (22)
 P - a wand of mindburst (7)
Scrolls
 f - 6 scrolls of poison
 h - 7 scrolls of teleportation
 i - 2 scrolls of summoning {unknown}
 j - 3 scrolls of immolation
 k - 2 scrolls of amnesia
 q - a scroll of blinking {unknown}
 r - 3 scrolls of butterflies
 x - a scroll of brand weapon {unknown}
 z - a scroll of enchant armour
 B - 3 scrolls of identify
 E - a scroll of noise {unknown}
Potions
 b - 2 potions of lignification {unknown}
 g - a potion of mutation {unknown}
 l - 7 potions of might
 m - 2 potions of magic {unknown}
 s - a potion of haste
 t - 3 potions of curing
 C - a potion of flight
 N - 2 potions of attraction {unknown}
 Q - a potion of brilliance {unknown}


   Skills:
 + Level 6.3 Fighting
 - Level 12.0 Short Blades
 - Level 4.0 Throwing
 + Level 9.2 Dodging
 + Level 12.0 Stealth
 + Level 2.7 Evocations


You had 9 spell levels left.
You didn't know any spells.
Your spell library contained the following spells:

 Spells                   Type           Power      Damage    Failure   Level
 Sandblast                Erth           0%         2d4       32%         1
 Passwall                 Tmut/Erth      0%         N/A       45%         2
 Stone Arrow              Conj/Erth      0%         3d7       69%         3


Dungeon Overview and Level Annotations

Branches:
Dungeon (9/15)             Temple (1/1) D:7            Lair (1/5) D:8
  Sewer (visited)
    Orc: D:9-12

Altars:
Ashenzari
Cheibriados
Dithmenos
Elyvilon
Makhleb
Nemelex Xobeh
Okawaru
Ru
Trog
Uskayaw
Zin
The Shining One

Shops:
D:4 ?   D:8 *


Innate Abilities, Weirdness & Mutations

You are small and have problems with some larger weapons.
You are completely attuned to the shadows.


Message History

The orc warrior hits you with a +1 battleaxe of venom!!
* * * LOW HITPOINT WARNING * * *
You are lethally poisoned!
The orc wizard hits you with a +2 dagger of protection.
* * * LOW HITPOINT WARNING * * *
You feel better. The orc wizard closely misses you.
The orc warrior completely misses you.
You hit the orc warrior but do no damage.
The orc warrior is severely wounded.
There is a stone staircase leading up, spattered with blood here.
The orc wizard attacks as you move away!
The orc wizard closely misses you.
The orc warrior attacks as you move away!
The orc warrior barely misses you.
There is a stone staircase leading up here.
The orc warrior attacks as you move away!
The orc warrior misses you.
The orc wizard attacks as you move away!
The orc wizard misses you.
The orc wizard gestures wildly while chanting.
The orc wizard flickers and vanishes!
Deactivating autopickup; reactivate with Ctrl-A.
You hit the orc warrior.
The orc warrior is almost dead.
The orc warrior hits you with a +1 battleaxe of venom!
* * * LOW HITPOINT WARNING * * *
You are lethally poisoned!
Unknown command.
You feel better. The orc warrior closely misses you.
Unknown command.
The orc warrior attacks as you move away!
The orc warrior completely misses you.
Found a runed whip.
You see here a +1 whip of electrocution.
The orc warrior attacks as you move away!
The orc warrior barely misses you.
The orc warrior attacks as you move away!
The orc warrior hits you with a +1 battleaxe of venom!
* * * LOW HITPOINT WARNING * * *
You are lethally poisoned!
You die...

...o.....#.#.)........#
.....###..............#######
.....##.).............##
........[.#............##
......##.............<..#
###....................#
#..#...).............#
#..#..).............#
#..@.<.............#
###..##............
....o###{.... .....###<####
.....)##.## ....#.....#
....#####.# .... ##


You could see an orc warrior.

Vanquished Creatures
  Pikel (D:4)
  A troll (D:8)
  A hornet (D:9)
  2 wyverns
  A steam dragon (D:8)
  Duvessa (D:4)
  An ice beast (D:5)
  Pargi (Sewer)
  4 orc warriors
  2 sky beasts
  2 black bears
  5 ogres
  3 centaurs
  4 lemures (D:4)
  A phantom (D:4)
  A kobold brigand (D:8)
  2 bullfrogs
  A gnoll sergeant (D:8)
  A necrophage (D:4)
  5 scorpions
  4 wights
  Dowan (D:4)
  2 electric eels (D:8)
  3 howler monkeys (D:8)
  15 hounds
  2 jellies
  7 orc priests
  A gnoll bouda (D:7)
  3 iguanas
  6 orc wizards
  Robin (D:3)
  11 gnolls
  6 adders
  A river rat (D:4)
  3 white imps
  2 ufetubi
  3 worms
  6 dart slugs
  28 orcs
  4 bats
  4 endoplasms
  9 giant cockroaches
  5 hobgoblins
  3 jackals (D:3)
  5 quokkas
  11 ball pythons
  2 frilled lizards (Sewer)
  12 goblins
  11 kobolds
  5 rats
216 creatures vanquished.

Notes
Turn   | Place    | Note
-------+----------+-------------------------------------------
     0 | D:1      | Flure the Kobold Brigand began the quest for the Orb.
     0 | D:1      | Reached XP level 1. HP: 12/12 MP: 1/1
   163 | D:1      | Reached XP level 2. HP: 18/18 MP: 2/2
   846 | D:2      | Reached XP level 3. HP: 13/22 MP: 3/3
  1361 | D:2      | Identified the +1 robe of the Heavens {+Inv rElec rF+
                  | Will+}
  1557 | D:2      | You fall into a shaft and drop 2 floors!
  1558 | D:4      | Noticed a scorpion
  1565 | D:4      | Killed a scorpion
  1566 | D:4      | Reached XP level 4. HP: 23/28 MP: 4/4
  1566 | D:4      | Reached XP level 5. HP: 26/32 MP: 5/5
  1653 | D:4      | Noticed a phantom
  1665 | D:4      | Killed a phantom
  1666 | D:4      | Reached XP level 6. HP: 27/37 MP: 6/6
  1853 | D:4      | Found Ledem's Magic Scroll Shoppe.
  1859 | D:4      | Bought a scroll of teleportation for 30 gold pieces
  1859 | D:4      | Bought a scroll of enchant weapon for 75 gold pieces
  1888 | D:4      | Found a snail-covered altar of Cheibriados.
  1892 | D:4      | Found a sacrificial altar of Ru.
  1925 | D:4      | Found a glowing drain.
  1961 | Sewer    | Entered a sewer
  2004 | Sewer    | Noticed Pargi
  2013 | Sewer    | Killed Pargi
  2014 | Sewer    | Reached skill level 5 in Short Blades
  2014 | Sewer    | Reached XP level 7. HP: 31/42 MP: 7/7
  2228 | D:4      | Noticed Dowan
  2264 | D:4      | Found a burning altar of Makhleb.
  2272 | D:4      | Noticed Pikel
  2316 | D:4      | Killed Pikel
  2317 | D:4      | Reached skill level 5 in Dodging
  2317 | D:4      | Reached XP level 8. HP: 28/48 MP: 8/8
  2495 | D:4      | Noticed Duvessa
  2984 | D:3      | Noticed Robin
  3015 | D:3      | Killed Robin
  3187 | D:3      | Found Zin's Purification Station.
  3189 | D:3      | Found a glowing silver altar of Zin.
  3408 | D:3      | Found a bloodstained altar of Trog.
  4204 | D:4      | Bought a scroll of butterflies for 40 gold pieces
  4274 | D:4      | Killed Duvessa
  4281 | D:4      | Killed Dowan
  4488 | D:5      | Entered Level 5 of the Dungeon
  4496 | D:5      | Reached XP level 9. HP: 44/52 MP: 9/9
  4929 | D:5      | Reached skill level 10 in Short Blades
  5448 | D:6      | Reached skill level 10 in Stealth
  6674 | D:7      | Found an iron altar of Okawaru.
  6703 | D:7      | Reached XP level 10. HP: 51/56 MP: 10/10
  6739 | D:7      | Found a staircase to the Ecumenical Temple.
  6786 | Temple   | Entered the Ecumenical Temple
  7004 | Temple   | Became a worshipper of Dithmenos the Shadowed
  7770 | D:8      | Reached skill level 5 in Fighting
  7780 | D:8      | Reached * piety under Dithmenos
  8159 | D:8      | Found a hide-covered altar of Uskayaw.
  8390 | D:8      | Reached skill level 1 in Evocations
  8797 | D:8      | Found a staircase to the Lair.
  8845 | D:8      | Found Qorothra's Gadget Gallery.
  9516 | D:3      | Bought a potion of curing for 90 gold pieces
  9609 | Lair:1   | Entered Level 1 of the Lair of Beasts
  9673 | D:9      | Reached ** piety under Dithmenos
 10059 | D:9      | HP: 1/60 [orc warrior/+1 battleaxe of venom (15)]
 10067 | D:9      | HP: 1/60 [orc warrior/+1 battleaxe of venom (9)]
 10067 | D:9      | Succumbed to an orc warrior's poison

Illustrated notes

Levels and vault maps discovered:
D:1:      dreamdust_arrival_sigmund_warning, layout_basic, bh_walls_and_bars
D:2:      layout_loops_cross
D:3:      layout_rooms, mainiacjoe_overflow_catwalk, zin_purify, uniq_robin
D:4:      minmay_opposing_rooms, layout_rooms, mainiacjoe_overflow_divided_tiny,
          overflow_temple_1_default, serial_shops,
          nicolae_shop_competitors_out_of_business, portal_sewer_entry_a,
          uniq_duvessa, uniq_pikel
D:5:      layout_rooms, minmay_circle_x
D:6:      layout_cave_pods, grunt_decor_one_mirror
D:7:      layout_loops_ring, nicolae_overflow_hidden_temple,
          minmay_temple_entry_tees, uniq_menkaure
D:8:      layout_basic, mainiacjoe_overflow_small_starburst, erik_lair_island,
          nicolae_shop_gadgets
D:9:      layout_rooms, lemuel_round_altar, orc_david_3
Temple:   nicolae_temple_two_arcs
Lair:1:   layout_cave_pods

Skill      XL: |  1  2  3  4  5  6  7  8  9 10 |
---------------+-------------------------------+-----
Short Blades   | 3 4 5 7 8 11 12 | 12.0
Dodging        | 2 3 5 7 9 |  9.2
Fighting       | 3 4 6 |  6.3
Throwing       | 3 4 |  4.0
Stealth        | 6 8 10 12 | 12.0
Evocations     | 2 |  2.7

Action                   |  1- 3 |  4- 6 |  7- 9 | 10-12 || total
-------------------------+-------+-------+-------+-------++-------
Melee: Dagger            |    49 |    28 |       |       ||    77
       Short sword       |       |    43 |   301 |   266 ||   610
       Punch             |       |     1 |     4 |     5 ||    10
Throw: Boomerang         |       |     5 |     3 |       ||     8
       Dart              |       |       |     9 |     6 ||    15
Evoke: Wand              |       |       |       |     2 ||     2
  Use: Scroll            |       |     6 |     4 |       ||    10
       Potion            |       |       |     5 |     2 ||     7
 Stab: Sleeping          |    12 |     8 |    20 |    16 ||    56
       Distracted        |       |       |     1 |     6 ||     7
Armor: Robe              |     6 |    20 |    54 |    34 ||   114
Dodge: Dodged            |    22 |    53 |   236 |   191 ||   502
